 Dungeon Crawl Stone Soup version 0.28.0 (webtiles) character file.

Game seed: 688181400390023315

188 Illumine the Chiller (level 5, -6/38 HPs)
             Began as a Demigod Ice Elementalist on Feb 8, 2022.
             Mangled by a kobold brigand (8 damage)
             ... in a sewer on Feb 9, 2022.
             The game lasted 00:04:29 (2974 turns).

Illumine the Chiller (Demigod Ice Elementalist)     Turns: 2974, Time: 00:04:30

Health: -6/38      AC:  2    Str:  9    XL:     5   Next: 16%
Magic:  7/12       EV: 12    Int: 21    God:
Gold:   131        SH:  0    Dex: 14    Spells: 3/10 levels left

rFire   . . .      SeeInvis .   d - +2 dagger (venom)
rCold   . . .      Faith    .   (no shield)
rNeg    . . .      Spirit   .   a - +0 robe
rPois   .          Reflect  .   (no helmet)
rElec   .          Harm     .   (no cloak)
rCorr   .          Rampage  .   (no gloves)
Will    .....                   (no boots)
Stlth   ++........              (no amulet)
HPRegen 0.12/turn               (no ring)
MPRegen 0.13/turn               (no ring)

@: freezing walls
A: high MP 1, forlorn, divine attributes
a: no special abilities


You were in a sewer.
You visited 1 branch of the dungeon, and saw 3 of its levels.
You also visited: Sewer.

You collected 131 gold pieces.

Inventory:

Hand Weapons
 c - a +0 short sword
 d - a +2 dagger of venom (weapon)
Armour
 a - a +0 robe (worn)
Wands
 h - a wand of flame (19)
Scrolls
 b - 4 scrolls of identify {unknown}
 g - a scroll of summoning {unknown}
 i - a scroll of fear {unknown}
 k - a scroll of teleportation {unknown}
Potions
 e - a potion of brilliance {unknown}
 f - a potion of degeneration {unknown}
 j - a potion of mutation {unknown}
 l - a potion of might {unknown}


   Skills:
 + Level 0.3 Fighting
 + Level 1.9 Dodging
 - Level 1.7 Stealth
 + Level 3.1 Spellcasting
 + Level 5.3 Ice Magic


You had 3 spell levels left.
You knew the following spells:

 Your Spells              Type           Power      Damage    Failure   Level
a - Freeze                Ice            100%       1d11      1%          1
b - Frozen Ramparts       Ice            50%        1d7       4%          3
c - Ozocubu's Armour      Ice            25%        N/A       4%          3

Your spell library contained the following spells:

 Spells                   Type           Power      Damage    Failure   Level
 Hailstorm                Conj/Ice       14%        3d5       41%         4


Dungeon Overview and Level Annotations

Branches:
Dungeon (3/15)              Sewer (1/1)


Innate Abilities, Weirdness & Mutations

You have an increased reservoir of magic. (+10% MP)
You shall have no god before yourself.
Your divine heritage dramatically boosts your attributes as you level up.


Message History

g - Guard the area. f - Follow me.
Anything else - Cancel.
You shout for attention!
The frozen ramparts melt away.
A river rat comes into view.
Casting: Frozen Ramparts (dangerous; 4% risk of failure)
Confirm with . or Enter, or press ? or * to list all spells.
Casting: Frozen Ramparts (dangerous; 4% risk of failure)
Press: ? - help, Dir - look around, f - activate The walls around you are covered in ice.
The wall freezes the kobold brigand.
The kobold brigand hits you with a +0 short sword.
The wall freezes the river rat.
The river rat bites you!
Unknown command.
You hit the kobold brigand but do no damage.
The kobold brigand is poisoned.
The kobold brigand is lightly wounded.
The wall freezes the kobold brigand.
The kobold brigand hits you with a +0 short sword!
The wall freezes the river rat.
The river rat bites you.
Unknown command.
You closely miss the kobold brigand.
The kobold brigand is moderately wounded.
The wall freezes the kobold brigand.
The kobold brigand hits you with a +0 short sword.
* * * LOW HITPOINT WARNING * * *
The wall freezes the river rat.
The river rat bites you.
* * * LOW HITPOINT WARNING * * *
Unknown command.
Okay, then.
Casting: Frozen Ramparts (dangerous; 4% risk of failure)
Confirm with . or Enter, or press ? or * to list all spells.
Aiming: Freeze (safe; 1% risk of failure)
Press: ? - help, Shift-Dir - straight line, f - river rat
Aim: a river rat (heavily wounded)
You freeze the river rat!
You kill the river rat!
The wall freezes the kobold brigand.
The kobold brigand hits you with a +0 short sword!
You die...

.≈≈≈≈≈≈≈≈≈≈≈≈≈
≈≈≈≈≈≈≈≈≈≈≈≈≈≈≈≈≈≈
≈≈≈≈≈≈≈≈≈≈≈≈≈≈≈≈≈≈≈
≈≈≈≈≈≈≈≈≈≈≈≈≈≈≈≈≈≈
.≈≈≈≈≈≈≈≈≈≈≈≈≈≈≈≈# ## ##
≈≈.≈..≈≈≈.≈≈≈r≈≈≈#..#.?#
..........≈..≈...#.....#
.................K....#
....##..........@#
...#####........##
#...######...####
###..∩# ##### #####


You could see a kobold brigand (very poisoned) and a river rat.

Vanquished Creatures
  A centaur skeleton (D:2)
  Terence (D:2)
  4 gnolls (D:2)
  An adder (D:2)
  3 river rats
  A worm (D:2)
  2 dart slugs (D:2)
  9 bats
  2 endoplasms (D:1)
  5 giant cockroaches
  6 goblins
  8 hobgoblins
  4 quokkas (D:2)
  5 ball pythons
  4 frilled lizards
  4 kobolds
  7 rats
67 creatures vanquished.

Notes
Turn   | Place    | Note
-------+----------+-------------------------------------------
     0 | D:1      | Illumine the Demigod Ice Elementalist began the quest for
                  | the Orb.
     0 | D:1      | Reached XP level 1. HP: 14/14 MP: 5/5
   799 | D:1      | Reached XP level 2. HP: 20/20 MP: 7/7
   843 | D:1      | Reached skill level 4 in Ice Magic
  1551 | D:2      | Reached XP level 3. HP: 26/26 MP: 9/9
  1555 | D:2      | Learned a level 3 spell: Frozen Ramparts
  1875 | D:2      | Noticed Terence
  1896 | D:2      | Killed Terence
  1897 | D:2      | Reached XP level 4. HP: 20/33 MP: 4/10
  2230 | D:2      | Reached skill level 5 in Ice Magic
  2653 | D:2      | Learned a level 3 spell: Ozocubu's Armour
  2809 | D:3      | Reached XP level 5. HP: 37/38 MP: 12/12
  2868 | D:3      | Found a glowing drain.
  2892 | Sewer    | Entered a sewer
  2974 | Sewer    | Mangled by a kobold brigand

Illustrated notes

Levels and vault maps discovered:
D:1:      evilmike_arrival_grusome_pit, layout_loops_cross, minmay_tripent
D:2:      layout_basic, ebering_ecumenical_altar_rust, minmay_fractal_squares_5,
          uniq_terence
D:3:      layout_basic, serial_corexii_hall, corexii_hall_statues_x,
          corexii_hall_statues_l, portal_sewer_entry_b
Sewer:    sewer_minmay_treatment

Skill      XL: |  1  2  3  4 |
---------------+-------------+-----
Spellcasting   | 2 3 |  3.1
Ice Magic      | 4 5 |  5.3
Fighting       | |  0.3
Dodging        | |  1.9
Stealth        | |  1.7

Action                   |  1- 3 |  4- 6 || total
-------------------------+-------+-------++-------
Melee: Dagger            |    37 |    48 ||    85
       Punch             |     1 |       ||     1
 Cast: Freeze            |    29 |     1 ||    30
       Frozen Ramparts   |     2 |     7 ||     9
 Stab: Sleeping          |     5 |     2 ||     7
       Distracted        |     1 |       ||     1
Armor: Robe              |     6 |    15 ||    21
Dodge: Dodged            |    30 |    41 ||    71
